 Dungeon Crawl Stone Soup version 0.29-a0-222-g5b244fca1f (webtiles) character file.

Game seed: 7841196246057276532

182 n8rtot the Skirmisher (level 5, -3/57 HPs)
             Began as an Ogre Berserker on Feb 27, 2022.
             Was a Follower of Trog.
             Slain by Ijyb
             ... wielding a +0 club
              (7 damage)
             ... on level 3 of the Dungeon.
             The game lasted 00:21:21 (5008 turns).

n8rtot the Skirmisher (Ogre Berserker)              Turns: 5008, Time: 00:21:22

Health: -3/57      AC: -5    Str: 23    XL:     5   Next: 62%
Magic:  5/5        EV: 10    Int:  8    God:    Trog [*.....]
Gold:   611        SH:  0    Dex:  8    Spells: 4/4 levels left

rFire   . . .      SeeInvis .   a - +0 spear
rCold   . . .      Faith    .   (no shield)
rNeg    . . .      Spirit   .   b - +0 animal skin
rPois   .          Reflect  .   h - +0 hat
rElec   .          Harm     .   (no cloak)
rCorr   .          Rampage  .   (gloves unavailable)
Will    .....                   (boots unavailable)
Stlth   +.........              (no amulet)
HPRegen 0.19/turn               l - +4 ring of slaying
MPRegen 0.09/turn               (no ring)

@: mighty, corroded
A: large, unfitting armour, tough skin 1
a: Renounce Religion, Berserk


You were on level 3 of the Dungeon.
You worshipped Trog.
Trog was aware of your devotion.
You visited 1 branch of the dungeon, and saw 4 of its levels.

You collected 611 gold pieces.

Inventory:

Hand Weapons
 a - a +0 spear (weapon)
 c - a +0 hunting sling
 g - a +0 hunting sling
 m - a +0 flail of protection
Missiles
 f - 92 stones (quivered)
 i - 10 poisoned darts
Armour
 b - a +0 animal skin (worn)
 h - a +0 hat (worn)
 k - a +0 pair of gloves
Jewellery
 l - a +4 ring of slaying (left hand)
Scrolls
 j - 2 scrolls of immolation
 n - a scroll of blinking {unknown}
 o - a scroll of amnesia {unknown}
Potions
 d - a potion of might
 e - a potion of magic


   Skills:
 + Level 5.2 Fighting
 + Level 4.5 Polearms
 + Level 3.8 Dodging
 + Level 0.6 Stealth


You had 4 spell levels left.
You didn't know any spells.
Your spell library contained the following spells:

 Spells                   Type           Power      Damage    Failure   Level
 Ensorcelled Hibernation  Hex/Ice        0%         N/A       54%         2
 Passwall                 Tmut/Erth      0%         N/A       54%         2
 Call Canine Familiar     Summ           0%         N/A       78%         3
 Dazzling Flash           Conj/Hex       0%         N/A       78%         3
 Portal Projectile        Hex/Tloc       0%         N/A       78%         3
 Swiftness                Air            0%         N/A       78%         3
 Iskenderun's Mystic Bla  Conj/Tloc      0%         2d3       99%         4
 Leda's Liquefaction      Hex/Erth       0%         N/A       99%         4
 Starburst                Conj/Fire      0%         6d3       100%        6


Dungeon Overview and Level Annotations

Branches:
Dungeon (4/15)
 Temple: D:4-7

Altars:
Hepliaklqana
Zin

Annotations:
D:3 Ijyb


Innate Abilities, Weirdness & Mutations

You are too large for most types of armour.
You have tough skin. (AC +1)


Message History

You see here a +0 spear.
You now have 602 gold pieces (gained 13).
There is a stone staircase leading down, spattered with blood here.
There is a stone staircase leading down here.
Found a mace.
You see here a +0 mace.
Found 9 gold pieces.
You now have 611 gold pieces (gained 9).
Ijyb the Twisted Goblin comes into view.
She is wielding a +0 club, wearing a +2 leather armour of poison resistance and carrying a wand of acid (9).
Ijyb shouts!
Ijyb zaps a wand.
The bolt of acid misses you.
You hit Ijyb.
Ijyb is moderately wounded.
Ijyb zaps a wand.
The bolt of acid hits you! The acid corrodes you!
You hit Ijyb but do no damage.
Ijyb is moderately wounded.
Ijyb completely misses you.
You hit Ijyb.
Ijyb is moderately wounded.
Ijyb zaps a wand.
The bolt of acid hits you!!!
Ouch! That really hurt!
* * * LOW HITPOINT WARNING * * *
The acid corrodes you!
There are no items here.
Okay, then.
You feel very mighty all of a sudden. Ijyb hits you with a +0 club.
* * * LOW HITPOINT WARNING * * *
You puncture Ijyb!
Ijyb is severely wounded.
Ijyb misses you.
You hit Ijyb.
Ijyb is almost dead.
Ijyb closely misses you.
You hit Ijyb.
Ijyb is almost dead.
You barely miss Ijyb.
Ijyb is almost dead.
Ijyb hits you with a +0 club!
You die...

#### ### ... ..#
####.####### ###.#
#...#....... ...#
#.##.# #..# #.##.# #..#
#######.##@#
######..####
.........#g#
#...........
##.#####.#.#
#.####..#### #.#.# #.#
#..# # #.#.#
###.####..# # #.#.#
#.....##..# #
#)#.###......#..# #
#.#.........#...# #
.#..###.#####......####
#


You could see Ijyb.

Vanquished Creatures
  An orc priest (D:3)
  4 gnolls
  4 adders
  A worm (D:3)
  2 dart slugs (D:1)
  9 orcs
  6 ball pythons
  5 bats
  6 endoplasms
  2 giant cockroaches (D:2)
  3 goblins
  4 hobgoblins
  3 kobolds (D:2)
  3 quokkas
  A frilled lizard (D:1)
  5 rats
59 creatures vanquished.

Notes
Turn   | Place    | Note
-------+----------+-------------------------------------------
     0 | D:1      | n8rtot the Ogre Berserker began the quest for the Orb.
     0 | D:1      | Reached XP level 1. HP: 24/24 MP: 1/1
     2 | D:1      | Noticed a spriggan
     4 | D:1      | Noticed an octopode
     4 | D:1      | Noticed a gargoyle
     6 | D:1      | Noticed a human
     8 | D:1      | Noticed a naga
     8 | D:1      | Noticed a tengu
    10 | D:1      | Noticed a draconian
    12 | D:1      | Noticed a dwarf
    12 | D:1      | Noticed an ogre
    14 | D:1      | Noticed an elf
    14 | D:1      | Noticed a formicid
    16 | D:1      | Noticed a troll
    16 | D:1      | Noticed a vine stalker
    18 | D:1      | Noticed a vampire
    18 | D:1      | Noticed a ghoul
    20 | D:1      | Noticed a minotaur
    22 | D:1      | Noticed a merfolk
    24 | D:1      | Noticed a felid
    24 | D:1      | Noticed a demigod
    26 | D:1      | Noticed a demonspawn
   368 | D:1      | Reached XP level 2. HP: 19/32 MP: 2/2
  1063 | D:1      | Found a faded altar of an unknown god.
  1398 | D:1      | Reached XP level 3. HP: 36/40 MP: 3/3
  2095 | D:2      | Identified a scroll of acquirement
  2099 | D:2      | Acquired 429 gold pieces
  2447 | D:2      | Reached XP level 4. HP: 49/49 MP: 4/4
  2581 | D:2      | Reached ** piety under Trog
  3744 | D:3      | Found a glowing silver altar of Zin.
  3873 | D:3      | Reached skill level 5 in Fighting
  3873 | D:3      | Found a hazy altar of Hepliaklqana.
  3882 | D:3      | Reached XP level 5. HP: 38/57 MP: 5/5
  4997 | D:3      | Noticed Ijyb
  5008 | D:3      | Slain by Ijyb

Illustrated notes

Levels and vault maps discovered:
D:1:      kb_arrival_jail, layout_basic, hellmonk_ecumenical_altar_blasted,
          chequers_garden, kennysheep_pointless_box
D:2:      layout_basic
D:3:      layout_loops_ring, mainiacjoe_overflow_catwalk,
          nicolae_overflow_crystal_walls, uniq_ijyb
D:4:      layout_loops_cross

Skill      XL: |  1  2  3  4 |
---------------+-------------+-----
Dodging        | 3 |  3.8
Polearms       | 4 |  4.5
Fighting       | 5 |  5.2
Stealth        | |  0.6

Action                   |  1- 3 |  4- 6 || total
-------------------------+-------+-------++-------
Melee: Spear             |    99 |   114 ||   213
       Punch             |       |     2 ||     2
Invok: Trog's Hand       |       |     1 ||     1
  Use: Scroll            |     4 |     1 ||     5
       Potion            |     6 |     2 ||     8
Armor: Animal skin       |    35 |    15 ||    50
Dodge: Dodged            |    52 |    81 ||   133

Table legend: (Time is in decaauts)
 A = Elapsed time spent in this place.
 B = Non-inter-level travel time spent in this place.
 C = Inter-level travel time spent in this place.
 D = Time resting spent in this place.
 E = Time spent auto-exploring this place.
 F = Levels seen in this place.
 G = Mean time per level.
                   A        B        C        D        E       F      G
               +--------+--------+--------+--------+--------+-----+--------+
         Total |   5001 |   4990 |     11 |   1801 |      0 |   4 | 1250.2 |
       Dungeon |   5001 |   4990 |     11 |   1801 |      0 |   4 | 1250.2 |
               +--------+--------+--------+--------+--------+-----+--------+

Top non-repeatable levels by time:
     D:2: 2180 daAuts
     D:1: 1773 daAuts
     D:3: 785 daAuts
     D:4: 262 daAuts
